AoeStats
← angryknife3

Arabia

508927386Analyzed
2v2 RM · 8d ago on Sep 24, 2026· 77m 49s· 4 players
Game mode
Random Map
Map size
Medium (4 player)
Population
200
Speed
Normal
Resources
Standard
Victory
Conquest
Starting age
Dark Age
Ending age
Imperial Age
RankedLock teamsTeams togetherTeam positionsShared explorationLock speedFull tech treeHidden civsTurbo modeCheats
Victory
Defeat
🇩🇪 Danes · Germany
1168
+17
🇨🇱 Portuguese · Chile
1112
+19
1180
-18
🇩🇪 Saxons · Germany
1179
-18
La Cobra
9:40 Loom
11:26 Feudal Age
16:58 Fletching
20:42 Castle Age
18:39 Double-Bit Axe
20:29 Gold Mining
20:51 Crossbowman
21:53 Bodkin Arrow
24:26 Padded Archer Armor
25:09 Bow Saw
27:07 Horse Collar
31:05 Imperial Age
29:37 Wheelbarrow
29:37 Ballistics
30:49 Town Watch
31:35 Bloodlines
31:51 Heavy Plow
32:26 Conscription
32:57 Arbalester
35:28 Chemistry
35:29 Husbandry
35:56 Bracer
36:41 Leather Archer Armor
37:51 Thumb Ring
39:48 Hand Cart
41:43 Ring Archer Armor
41:19 Scale Barding Armor
41:25 Forging
42:43 Crop Rotation
42:46 Light Cavalry
45:24 Iron Casting
45:49 Chain Barding Armor
47:02 Cavalier
48:22 Plate Barding Armor
48:48 Blast Furnace
54:45 Arquebus
58:03 Arson
58:04 Gambesons
58:24 Scale Mail Armor
59:29 Two-Man Saw
58:16 Pikeman
58:56 Halberdier
60:35 Chain Mail Armor
62:46 Plate Mail Armor
angryknife3
8:07 Loom
12:15 Feudal Age
13:12 Double-Bit Axe
18:19 Castle Age
19:34 Fletching
21:21 Bow Saw
20:56 Fishing Lines
22:54 Gold Mining
27:15 Wheelbarrow
29:38 Ballistics
32:55 Thumb Ring
32:56 Horse Collar
36:08 Bodkin Arrow
42:15 Bloodlines
42:06 Husbandry
43:58 Padded Archer Armor
48:38 Imperial Age
48:50 Cranequins
50:10 Bracer
50:13 Heavy Mounted Crossbowman
52:58 Chemistry
53:27 Stone Mining
54:02 Arson
54:18 Squires
54:57 Leather Archer Armor
57:44 Pikeman
59:07 Halberdier
61:40 Scale Mail Armor
63:00 Conscription
69:03 Chain Mail Armor
74:00 Plate Mail Armor
75:09 Forging
75:15 Hand Cart
76:26 Iron Casting
77:03 Elite Jomsviking
SlightlySaltedCamelCrisps
6:51 Loom
9:35 Feudal Age
10:58 Double-Bit Axe
13:30 Bloodlines
13:31 Horse Collar
19:20 Forging
19:17 Scale Barding Armor
23:46 Castle Age
22:22 Fletching
22:27 Gold Mining
22:49 Town Watch
23:40 Wheelbarrow
25:37 Husbandry
25:37 Bodkin Arrow
25:42 Padded Archer Armor
28:04 Chain Barding Armor
28:29 Light Cavalry
30:44 Iron Casting
35:54 Bow Saw
36:20 Heavy Plow
37:12 Stone Mining
43:11 Imperial Age
43:33 Hand Cart
43:16 Cavalier
45:19 Plate Barding Armor
45:46 Blast Furnace
45:08 Conscription
45:06 Bracer
45:09 Vendel Legacy
48:39 Hussar
50:53 Ballistics
50:44 Masonry
52:20 Chemistry
52:26 Crop Rotation
56:15 Two-Man Saw
57:37 Murder Holes
59:29 Elite Skirmisher
63:23 Architecture
63:30 Leather Archer Armor
66:42 Ring Archer Armor
65:38 Capped Ram
66:36 Guilds
71:28 Guard Tower
74:29 Siege Engineers
74:26 Siege Ram
jimima
7:08 Loom
9:50 Feudal Age
11:54 Double-Bit Axe
12:05 Horse Collar
16:09 Fletching
21:22 Castle Age
19:46 Padded Archer Armor
22:00 Bodkin Arrow
21:49 Elite Skirmisher
23:45 Leather Archer Armor
26:02 Crossbowman
30:47 Stone Mining
33:10 Ballistics
33:57 Bow Saw
41:03 Thumb Ring
44:57 Imperial Age
43:36 Wheelbarrow
44:47 Heavy Plow
45:41 Bracer
46:46 Ring Archer Armor
47:40 Pikeman
48:23 Squires
49:38 Chemistry
53:05 Hand Cart
61:28 Scale Mail Armor
73:30 Caravan
Connection lost

Rejoining the realm…

Still unreachable

The connection could not be restored.

Session expired

The server has moved on; the page needs a fresh start.